 Dungeon Crawl Stone Soup version 0.28.0-45-g0d030f2227 (webtiles) character file.

Game seed: 11002678722064114995

641 pkoi the Charlatan (level 7, -3/51 HPs)
             Began as a Demigod Artificer on Apr 18, 2022.
             Killed by divine providence
             ... invoked by an orc priest
              (15 damage)
             ... on level 5 of the Dungeon.
             The game lasted 00:07:43 (10315 turns).

pkoi the Charlatan (Demigod Artificer)             Turns: 10315, Time: 00:07:44

Health: -3/51      AC:  4    Str: 13    XL:     7   Next: 5%
Magic:  13/13      EV: 11    Int: 21    God:
Gold:   216        SH:  0    Dex: 14    Spells: 3/10 levels left

rFire   . . .      SeeInvis .   n - +0 dagger (venom)
rCold   . . .      Faith    .   (no shield)
rNeg    . . .      Spirit   .   j - +1 robe
rPois   .          Reflect  .   o - +1 hat {Will+}
rElec   .          Harm     .   (no cloak)
rCorr   .          Rampage  .   (no gloves)
Will    +....                   (no boots)
Stlth   ++........              (no amulet)
HPRegen 0.17/turn               (no ring)
MPRegen 0.13/turn               (no ring)

@: about to teleport
A: high MP 1, forlorn, divine attributes
a: no special abilities


You were on level 5 of the Dungeon.
You visited 1 branch of the dungeon, and saw 5 of its levels.

You collected 216 gold pieces.

Inventory:

Hand Weapons
 a - a +0 club
 g - a +0 short sword
 n - a +0 dagger of venom (weapon)
Armour
 b - a +0 leather armour
 j - a +1 robe (worn)
 o - a +1 hat of willpower (worn)
Jewellery
 i - a ring of fire
Wands
 c - a wand of flame (8)
 d - a wand of charming (12)
Scrolls
 l - a scroll of identify
 m - a scroll of fog
 p - 2 scrolls of amnesia
 q - 2 scrolls of blinking
Potions
 f - a potion of lignification
 h - 2 potions of curing {unknown}
Miscellaneous
 e - a piece from Xom's chessboard (15/15)


   Skills:
 - Level 0.8 Fighting
 - Level 1.7 Armour
 - Level 0.8 Dodging
 - Level 0.8 Stealth
 - Level 2.1 Spellcasting
 * Level 4.6 Conjurations
 + Level 1.7 Hexes
 + Level 4.9 Evocations


You had 3 spell levels left.
You knew the following spells:

 Your Spells              Type           Power      Damage    Failure   Level
a - Magic Dart            Conj           84%        1d7       2%          1
b - Searing Ray           Conj           42%        2d6       3%          2
c - Fulminant Prism       Conj/Hex       7%         3d7       36%         4

Your spell library contained the following spells:

 Spells                   Type           Power      Damage    Failure   Level
 Metabolic Englaciation   Hex/Ice        3%         N/A       95%         5
 Silence                  Hex/Air        3%         N/A       95%         5
 Enfeeble                 Hex            4%         N/A       100%        7


Dungeon Overview and Level Annotations

Branches:
Dungeon (5/15)
 Temple: D:4-7

Shops:
D:1 =   D:4 [


Innate Abilities, Weirdness & Mutations

You have an increased reservoir of magic. (+10% MP)
You shall have no god before yourself.
Your divine heritage dramatically boosts your attributes as you level up.


Message History

You finish channelling your searing ray.
You start resting.
An orc warrior is nearby!
An orc warrior is nearby!
Things that are here:
a +0 short sword; a +0 leather armour; an orc corpse
There is a stone staircase leading up here.
You climb upwards.
There is a stone staircase leading down here.
Things that are here:
a +0 robe; a +0 dagger; an orc skeleton Magic restored.
HP restored.
There is an escape hatch in the floor here.
You slide downwards.
The hatch slams shut behind you.
The orc warrior shouts!
The orc priest shouts!
The orc hits you with a +0 club.
Unknown command.
Unknown command.
There are monsters nearby!
There are monsters nearby!
The orc priest shouts!
The orc warrior throws a stone.
The stone hits you!
* * * LOW HITPOINT WARNING * * *
An orc comes into view. It is wielding a +0 quarterstaff.
The orc shouts!
The orc priest invokes the aid of Beogh against you.
Beogh smites you!
* * * LOW HITPOINT WARNING * * *
The orc priest calls down the wrath of Beogh upon you.
You easily resist.
The orc priest invokes the aid of Beogh against you.
Beogh smites you!
* * * LOW HITPOINT WARNING * * *
As you read the scroll of teleportation, it crumbles to dust.
You feel strangely unstable. The orc priest barely misses you.
The orc barely misses you.
The orc priest invokes the aid of Beogh against you.
Beogh smites you!
You die...

...# ...# ##
#... #. ...
.####.####..
...........#
.#......#..#
.......o.@#
#.......##
.#......o#
.........#
#....o..#
....#....#
....o.####
.....#
.........#


You could see an orc warrior, 2 orc priests and an orc.

Vanquished Creatures
  A water moccasin (D:5)
  A necrophage (D:5)
  A wyvern skeleton (D:5)
  A centaur zombie (D:5)
  A centaur skeleton (D:5)
  3 orc priests
  2 orc wizards
  2 killer bee zombies (D:5)
  A hound zombie (D:5)
  4 adders
  A worm (D:2)
  12 orcs
  7 ball pythons
  8 endoplasms
  5 giant cockroaches
  9 goblins
  3 hobgoblins
  6 jackals
  7 kobolds
  3 quokkas
  6 bats
  2 frilled lizards
  8 rats
94 creatures vanquished.

Vanquished Creatures (collateral kills)
  An endoplasm (D:1)
  A goblin (D:1)
  A ball python (D:1)
  A rat (D:1)
4 creatures vanquished.

Vanquished Creatures (others)
  A hobgoblin (D:1)
1 creature vanquished.

Grand Total: 99 creatures vanquished

Notes
Turn   | Place    | Note
-------+----------+-------------------------------------------
     0 | D:1      | pkoi the Demigod Artificer began the quest for the Orb.
     0 | D:1      | Reached XP level 1. HP: 15/15 MP: 3/3
   812 | D:1      | Reached XP level 2. HP: 4/22 MP: 5/5
  1207 | D:1      | Reached skill level 1 in Spellcasting
  1957 | D:1      | Found Geway's Jewellery Boutique.
  2372 | D:1      | Got Rith's Disquisition on the Oath
  2758 | D:1      | Learned a level 1 spell: Magic Dart
  3095 | D:2      | Reached XP level 3. HP: 27/27 MP: 0/7
  3393 | D:2      | Learned a level 2 spell: Searing Ray
  5035 | D:2      | Reached skill level 1 in Conjurations
  6281 | D:3      | Reached XP level 4. HP: 22/34 MP: 0/9
  7665 | D:4      | Reached XP level 5. HP: 21/39 MP: 0/11
  8551 | D:4      | Found Lyvam's Antique Armour Boutique.
  8619 | D:5      | Entered Level 5 of the Dungeon
  9295 | D:5      | Noticed a water moccasin
  9383 | D:5      | Reached XP level 6. HP: 45/46 MP: 2/12
  9465 | D:5      | Learned a level 4 spell: Fulminant Prism
  9653 | D:5      | Noticed a +0 dagger
  9653 | D:5      | Noticed a +0 falchion
  9654 | D:5      | Noticed a +0 spear
  9654 | D:5      | Noticed a +0 short sword
  9654 | D:5      | Noticed a +0 short sword
  9654 | D:5      | Noticed a +0 spear
  9654 | D:5      | Noticed a +0 dagger
  9656 | D:5      | Noticed a +0 falchion
  9788 | D:5      | Killed a water moccasin
  9789 | D:5      | Reached skill level 1 in Hexes
 10024 | D:4      | Reached XP level 7. HP: 30/51 MP: 1/13
 10315 | D:5      | Killed from afar by an orc priest

Illustrated notes

Levels and vault maps discovered:
D:1:      mrwooster_arrival_statue, layout_basic, serial_rivers,
          chequers_serial_rivers_micro_c, chequers_serial_rivers_small_a,
          chequers_serial_rivers_room_b, chequers_serial_rivers_micro_d,
          serial_shops, nicolae_shop_advertising_works
          [nicolae_subvault_shop_adworks], ebering_ecumenical_altar_ruins
D:2:      layout_basic, minmay_puff
D:3:      layout_basic, amcnicky_altar_gilded, minmay_misc_feat_enclosed
D:4:      minmay_wonky_spiral, layout_basic, mainiacjoe_overflow_catwalk,
          ashenzari_altar_1, serial_shops, nicolae_shop_crystal
D:5:      layout_rooms, nicolae_uskayaw_en_pointe,
          minmay_temple_entry_butterflies

Skill      XL: |  1  2  3  4  5  6 |
---------------+-------------------+-----
Evocations     | 3 4 |  4.9
Spellcasting   | 1 2 |  2.1
Conjurations   | 1 2 3 4 |  4.6
Hexes          | 1 |  1.7
Fighting       | |  0.8
Armour         | |  1.7
Dodging        | |  0.8
Stealth        | |  0.8

Action                   |  1- 3 |  4- 6 |  7- 9 || total
-------------------------+-------+-------+-------++-------
Melee: Club              |    22 |       |       ||    22
       Short sword       |    95 |    30 |       ||   125
       Punch             |     1 |       |       ||     1
       Dagger            |       |     4 |       ||     4
 Cast: Magic Dart        |    82 |    74 |       ||   156
       Searing Ray       |       |    16 |     1 ||    17
Evoke: Wand              |     8 |     2 |       ||    10
       Piece from Xom's  |       |     1 |       ||     1
  Use: Scroll            |     5 |     3 |     1 ||     9
 Stab: Sleeping          |       |     1 |       ||     1
Armor: Leather armour    |    26 |       |       ||    26
       Robe              |    19 |    29 |       ||    48
Dodge: Dodged            |   120 |    46 |     2 ||   168
